 Dungeon Crawl Stone Soup version 0.29-a0-909-g30c7767f5c (webtiles) character file.

Game seed: 8402082860970676505

6471 Garessta the Fighter (level 10, -15/93 HPs)
             Began as a Demigod Gladiator on July 25, 2022.
             Demolished by Snorg (18 damage)
             ... on level 10 of the Dungeon.
             The game lasted 00:32:03 (11571 turns).

Garessta the Fighter (Demigod Gladiator)           Turns: 11571, Time: 00:32:06

Health: -15/93     AC:  6    Str: 15    XL:     10   Next: 41%
Magic:  22/22      EV: 21    Int: 10    God:
Gold:   339        SH:  0    Dex: 27    Spells: 9/9 levels left

rFire   . . .      SeeInvis .   a - +2 dagger (venom)
rCold   . . .      Faith    .   (no shield)
rNeg    + . .      Spirit   .   F - +0 robe
rPois   .          Reflect  .   A - +1 helmet
rElec   .          Harm     .   m - +0 cloak
rCorr   .          Rampage  .   d - +0 pair of gloves
Will    +....                   (no boots)
Stlth   ++........              (no amulet)
HPRegen 0.25/turn               R - ring "Itewidip" {rN+ MP+9}
MPRegen 0.18/turn               n - +4 ring of slaying

@: studying 2 skills
A: high MP 1, forlorn, divine attributes
a: no special abilities


You were on level 10 of the Dungeon.
You visited 2 branches of the dungeon, and saw 11 of its levels.

You collected 622 gold pieces.
You spent 283 gold pieces at shops.

Inventory:

Hand Weapons
 a - a +2 dagger of venom (weapon)
 b - a +0 triple crossbow
 j - a +0 rapier
 O - a +2 dagger of flaming
Missiles
 e - 4 javelins
 B - 42 poisoned darts (quivered)
 I - 2 curare-tipped darts
Armour
 d - a +0 pair of gloves (worn)
 m - a +0 cloak (worn)
 A - a +1 helmet (worn)
 F - a +0 robe (worn)
 S - +0 swamp dragon scales
Jewellery
 h - a +6 ring of intelligence
 n - a +4 ring of slaying (right hand)
 C - a +6 ring of strength
 H - a ring of ice
 R - the ring "Itewidip" (left hand) {rN+ MP+9}
   (You found it on level 9 of the Dungeon)

   [ring of magical power]

   rN:        It protects you from negative energy.
   MP:        It affects your magic capacity (+9).
Wands
 x - a wand of quicksilver (2)
 J - a wand of flame (20)
 M - a wand of iceblast (3)
 P - a wand of polymorph (8)
Scrolls
 c - 2 scrolls of immolation {unknown}
 f - 2 scrolls of enchant weapon {unknown}
 i - 2 scrolls of blinking {unknown}
 k - 2 scrolls of noise {unknown}
 p - a scroll of brand weapon
 y - 2 scrolls of poison
 D - 2 scrolls of teleportation
 E - a scroll of magic mapping
 G - a scroll of amnesia {unknown}
 L - a scroll of butterflies {unknown}
 N - a scroll of enchant armour {unknown}
Potions
 g - 5 potions of haste
 l - 2 potions of flight
 o - 2 potions of berserk rage {unknown}
 q - 4 potions of invisibility
 r - 2 potions of heal wounds {unknown}
 s - a potion of magic {unknown}
 t - 2 potions of mutation {unknown}
 u - 3 potions of degeneration
 v - a potion of curing
 w - 4 potions of might
 z - 2 potions of brilliance {unknown}
 K - 2 potions of attraction
 Q - a potion of lignification
 T - a potion of resistance


   Skills:
 + Level 9.8 Fighting
 + Level 9.1 Short Blades
 + Level 2.7 Throwing
 + Level 9.1 Dodging


You had 9 spell levels left.
You didn't know any spells.
Your spell library contained the following spells:

 Spells                   Type           Power      Damage    Failure   Level
 Magic Dart               Conj           0%         1d3       36%         1
 Sting                    Tmut/Pois      0%         1d3       36%         1
 Call Imp                 Summ           0%         N/A       50%         2
 Poisonous Vapours        Pois/Air       0%         N/A       50%         2
 Static Discharge         Conj/Air       0%         3-3/arc   50%         2
 Ignite Poison            Fire/Tmut/Pois 0%         N/A       75%         3
 Mephitic Cloud           Conj/Pois/Air  0%         N/A       75%         3
 Ozocubu's Armour         Ice            0%         N/A       75%         3
 Portal Projectile        Hex/Tloc       0%         N/A       75%         3
 Tukima's Dance           Hex            0%         N/A       75%         3
 Olgreb's Toxic Radiance  Pois           0%         N/A       98%         4
 Petrify                  Tmut/Erth      0%         N/A       98%         4
 Blade Hands              Tmut           0%         N/A       100%        5
 Freezing Cloud           Conj/Ice/Air   0%         6-21      100%        5
 Lightning Bolt           Conj/Air       0%         1d11      100%        5
 Metabolic Englaciation   Hex/Ice        0%         N/A       100%        5
 Simulacrum               Ice/Necr       0%         N/A       100%        6
 Statue Form              Tmut/Erth      0%         N/A       100%        6
 Malign Gateway           Summ/Tloc      0%         N/A       100%        7
 Maxwell's Capacitive Co  Air            0%         ∞         100%        8
 Summon Horrible Things   Summ           0%         N/A       100%        8


Dungeon Overview and Level Annotations

Branches:
Dungeon (10/15)            Temple (0/1) D:7            Lair (1/5) D:9
    Orc (0/2) D:9

Shops:
D:3 !   D:9 [

Annotations:
D:6 2 transporters
D:10 Snorg


Innate Abilities, Weirdness & Mutations

You have an increased reservoir of magic. (+10% MP)
You shall have no god before yourself.
Your divine heritage dramatically boosts your attributes as you level up.


Message History

Aiming: Iceblast
Press: ? - help, Shift-Dir - straight line, f/p - Snorg
Aim: Snorg (moderately wounded)
The mass of ice explodes!
The iceblast engulfs Snorg!
Snorg is moderately wounded.
The iceblast engulfs the troll!
The troll is severely wounded.
Your +2 dagger of venom begins to drip with poison!
a - a +2 dagger of venom (weapon)
You puncture the troll!
The troll looks as sick as possible!
The troll is almost dead.
An orc wizard comes into view. It is wielding a +0 dagger.
The troll bites you! The troll claws you! The troll completely misses you.
Snorg barely misses you. Snorg completely misses you. Snorg misses you.
The troll bites you! The troll claws you but does no damage.
The troll misses you.
You hit the troll.
The troll is almost dead.
The troll completely misses you. The troll barely misses you.
The troll closely misses you.
Snorg goes berserk!
You puncture the troll!
You kill the troll!
The troll leather armour is intact enough to wear.
You puncture Snorg!
Snorg is poisoned.
Snorg is moderately wounded.
Snorg bites you!! Snorg claws you but does no damage. Snorg closely misses you.
You puncture Snorg!
Snorg looks as sick as possible!
Snorg is heavily wounded.
Snorg completely misses you. Snorg claws you!!
* * * LOW HITPOINT WARNING * * *
Snorg claws you!!
* * * LOW HITPOINT WARNING * * *
Okay, then.
Aiming: Quicksilver Bolt
Press: ? - help, Shift-Dir - straight line, f/p - Snorg
Aim: Snorg (heavily wounded, berserk, extremely poisoned, 71% to hit)
The bolt of dispelling energy hits Snorg!
Snorg is heavily wounded.
Snorg bites you!!
You die...

. ... ##.# .#
##..###########.#
#......#.....#..#
#####........<)...>#
..##........@[.o...#
#.##.........T.....###
#.##.................
#.##.........).....##
#.##...............# #
#.##..............## #
###.#......<.......##
# #......#######.##..#
###......# #.##.##


You could see Snorg (berserk, extremely poisoned) and an orc wizard.

Vanquished Creatures
  Pikel (D:4)
  Maggie (D:9)
  2 trolls
  Sigmund (D:4)
  A vampire (D:10)
  A wyvern (D:9)
  A wraith (D:9)
  2 water moccasins
  An acid dragon (D:10)
  9 orc warriors
  2 ice beasts
  A sky beast (D:6)
  A black bear (D:7)
  A wolf (D:9)
  An ogre (D:5)
  3 centaurs
  2 phantoms (D:5)
  6 kobold brigands
  4 bullfrogs
  11 killer bees
  2 howler monkeys (D:9)
  3 electric eels (D:9)
  7 hounds
  8 orc priests
  2 gnoll boudas
  2 jellies
  Crazy Yiuf (D:2)
  6 iguanas
  Ijyb (D:4)
  8 orc wizards
  15 gnolls
  3 adders
  A shadow imp (D:5)
  A white imp (D:6)
  3 ufetubi
  A dart slug (D:5)
  A worm (D:2)
  44 orcs
  10 endoplasms
  2 giant cockroaches
  8 goblins
  6 hobgoblins
  52 kobolds
  5 quokkas
  6 ball pythons
  4 bats
  2 frilled lizards
  4 rats
260 creatures vanquished.

Vanquished Creatures (others)
  5 fungi
  49 plants
54 creatures vanquished.

Grand Total: 314 creatures vanquished

Notes
Turn   | Place    | Note
-------+----------+-------------------------------------------
     0 | D:1      | Garessta the Demigod Gladiator began the quest for the Orb.
     0 | D:1      | Reached XP level 1. HP: 17/17 MP: 3/3
   362 | D:1      | Reached XP level 2. HP: 22/24 MP: 4/4
  1023 | D:1      | Reached XP level 3. HP: 14/30 MP: 5/5
  1684 | D:2      | Reached XP level 4. HP: 32/37 MP: 6/6
  2308 | D:2      | Found a runed translucent door.
  2309 | D:2      | Noticed Crazy Yiuf
  2528 | D:2      | Reached XP level 5. HP: 45/45 MP: 7/7
  2712 | D:2      | Killed Crazy Yiuf
  3014 | D:3      | Found Neusiafe's Distillery.
  3099 | D:3      | Bought a potion of flight for 36 gold pieces
  3099 | D:3      | Bought a potion of degeneration for 12 gold pieces
  3099 | D:3      | Bought a potion of curing for 36 gold pieces
  3099 | D:3      | Bought a potion of might for 48 gold pieces
  3099 | D:3      | Bought a potion of lignification for 36 gold pieces
  3591 | D:4      | Noticed Ijyb
  3597 | D:4      | Killed Ijyb
  3598 | D:4      | Reached XP level 6. HP: 21/52 MP: 8/8
  4043 | D:4      | Noticed Pikel
  4046 | D:4      | Killed Pikel
  4047 | D:4      | Reached skill level 5 in Short Blades
  4047 | D:4      | Reached skill level 5 in Dodging
  4047 | D:4      | Reached XP level 7. HP: 60/60 MP: 9/9
  4183 | D:4      | Noticed Sigmund
  4189 | D:4      | Killed Sigmund
  4190 | D:4      | Reached skill level 5 in Fighting
  4386 | D:5      | Entered Level 5 of the Dungeon
  4577 | D:5      | Reached XP level 8. HP: 69/69 MP: 10/10
  5696 | D:6      | Identified the +11 war axe of the Protecting King {protect,
                  | rC- Str+7 Int+8 SInv}
  5796 | D:6      | Found a transporter.
  5888 | D:6      | Found a transporter.
  6186 | D:7      | Found a staircase to the Ecumenical Temple.
  6277 | D:7      | Reached XP level 9. HP: 9/78 MP: 11/11
  8848 | D:8      | Identified a scroll of acquirement
  8849 | D:8      | Acquired a manual of Fighting
  9403 | D:9      | Found Effetuax's Armour Shop.
  9629 | D:9      | Bought a +1 helmet for 115 gold pieces
  9700 | D:9      | Identified the ring "Itewidip" {rN+ MP+9}
  9782 | D:9      | Found a staircase to the Lair.
  9869 | D:9      | Reached XP level 10. HP: 78/90 MP: 13/13
 10016 | D:9      | Noticed Maggie
 10020 | D:9      | Killed Maggie
 10168 | D:9      | Found a large runed translucent door.
 10317 | D:9      | Found a large runed translucent door.
 10672 | D:9      | Found a staircase to the Orcish Mines.
 11154 | Lair:1   | Entered Level 1 of the Lair of Beasts
 11154 | Lair:1   | Noticed a black mamba
 11154 | Lair:1   | Noticed a black mamba
 11176 | D:10     | Entered Level 10 of the Dungeon
 11541 | D:10     | Noticed Snorg
 11570 | D:10     | HP: 3/93 [Snorg (19)]
 11571 | D:10     | Demolished by Snorg

Illustrated notes

Levels and vault maps discovered:
D:1:      grunt_arrival_lava_bath, layout_basic,
          dilly_ecumenical_altar_fadedgnrine
D:2:      layout_loops_ring, kennysheep_small_spiral, uniq_crazy_yiuf_cottage
D:3:      layout_basic, okawaru_altar_gauntlet_db, serial_shops, shop_fountains,
          chequers_decorated_corner, roderic_cross_of_infinity
D:4:      layout_basic, uniq_ijyb, uniq_sigmund, uniq_pikel
D:5:      kennysheep_kobold_camp, layout_basic,
          nemelex_xobeh_ov_fountains_minmay, fedhas_altar_3,
          nicolae_qazlal_eye_of_the_storm
D:6:      gammafunk_cloud_chamber, layout_basic, elyvilon_altar_1,
          lemuel_crystal_altar
D:7:      layout_loops_ring, lemuel_round_altar, tgw_xom,
          minmay_temple_entry_statues, nrook_mini_vaults, minmay_manual_moon
D:8:      layout_cave_pools, lemuel_crystal_altar
D:9:      layout_long_grid, jmf_multi_god_temple2, dpeg_oklobed_lair,
          erik_orc_2, serial_shops, shop, uniq_maggie
D:10:     layout_rooms, serial_shops,
          nicolae_shop_temple_entry_statues_fountains,
          nicolae_shop_advertising_works [nicolae_subvault_shop_adworks],
          uniq_psyche, uniq_snorg
Lair:1:   layout_hall_layers, evilmike_ambush [evilmike_ambush_outer_basic,
          evilmike_ambush_inner_pond]

Skill      XL: |  1  2  3  4  5  6  7  8  9 10 |
---------------+-------------------------------+-----
Fighting       | 2 3 4 5 6 8 9 |  9.8
Short Blades   | 3 4 5 7 8 9 |  9.1
Dodging        | 3 4 5 7 8 9 |  9.1
Throwing       | 2 |  2.7

Action                   |  1- 3 |  4- 6 |  7- 9 | 10-12 || total
-------------------------+-------+-------+-------+-------++-------
Melee: Rapier            |    41 |       |       |       ||    41
       Dagger            |    54 |    53 |   281 |    60 ||   448
       Punch             |       |     1 |     5 |       ||     6
 Fire: Triple crossbow   |    11 |    60 |   142 |    54 ||   267
Throw: Throwing net      |     1 |     3 |       |       ||     4
       Dart              |       |       |     2 |       ||     2
       Javelin           |       |       |     5 |       ||     5
Evoke: Wand              |       |       |     2 |     3 ||     5
  Use: Scroll            |       |       |     9 |     2 ||    11
       Potion            |       |       |     2 |       ||     2
 Stab: Sleeping          |     1 |       |     1 |       ||     2
       Held in net/web   |     1 |       |       |       ||     1
       Distracted        |       |       |       |     1 ||     1
Armor: Leather armour    |    26 |     9 |       |       ||    35
       Robe              |       |       |    32 |     5 ||    37
       Skin              |       |       |     3 |       ||     3
Dodge: Dodged            |    49 |    39 |   221 |    65 ||   374

Table legend: (Time is in decaauts)
 A = Elapsed time spent in this place.
 B = Non-inter-level travel time spent in this place.
 C = Inter-level travel time spent in this place.
 D = Time resting spent in this place.
 E = Time spent auto-exploring this place.
 F = Levels seen in this place.
 G = Mean time per level.
                   A        B        C        D        E       F      G
               +--------+--------+--------+--------+--------+-----+--------+
         Total |  11718 |  11183 |    535 |   2226 |   6861 |  11 | 1065.3 |
       Dungeon |  11714 |  11179 |    535 |   2226 |   6861 |  10 | 1171.4 |
          Lair |      4 |      4 |      0 |      0 |      0 |   1 |    4.0 |
               +--------+--------+--------+--------+--------+-----+--------+

Top non-repeatable levels by time:
     D:7: 2588 daAuts
     D:9: 1909 daAuts
     D:2: 1639 daAuts
     D:1: 1183 daAuts
     D:5: 1106 daAuts
     D:3: 967 daAuts
     D:6: 727 daAuts
     D:4: 663 daAuts
     D:8: 544 daAuts
    D:10: 383 daAuts
  Lair:1: 4 daAuts
